 Dungeon Crawl Stone Soup version 0.31-a0-149-g3fdcc5976a (webtiles) character file.

Game seed: 14705097076046932180

116 qw the Shooter (level 4, -1/40 HPs)
             Began as a Minotaur Hunter on June 7, 2023.
             Splashed by a jelly's acid (5 damage)
             ... on level 2 of the Dungeon.
             The game lasted 00:00:30 (921 turns).

qw the Shooter (Minotaur Hunter)                     Turns: 921, Time: 00:00:30

Health: -1/40      AC: -6    Str: 14 (15) XL:     4   Next: 69%
Magic:  3/3        EV: 11    Int:  3 (6)  God:
Gold:   101        SH:  0    Dex: 16      Spells: 3/3 levels left

rFire   . . .        Y - +3 shortbow
rCold   . . .        (shield currently unavailable)
rNeg    . . .        f - +0 ring mail
rPois   +            (helmet restricted)
rElec   .            (no cloak)
rCorr   .            (no gloves)
SInv    .            (no boots)
Will    .....        (no amulet)
Stlth   +            e - ring of poison resistance
HPRegen 0.26/turn    (no ring)
MPRegen 0.08/turn

%: no passive effects
@: corroded
A: horns 2, retaliatory headbutt
a: no special abilities


You were on level 2 of the Dungeon.
You visited 1 branch of the dungeon, and saw 2 of its levels.

You collected 101 gold pieces.


Innate Abilities, Weirdness & Mutations

You have a pair of horns on your head.
You reflexively headbutt those who attack you in melee.


   Skills:
 + Level 3.9 Fighting
 - Level 6.0 Ranged Weapons
 - Level 1.0 Armour
 - Level 2.1 Dodging
 - Level 0.7 Stealth


You had 3 spell levels left.
You didn't know any spells.
Your spell library was empty.

Inventory:

Hand Weapons
 Y - a +3 shortbow (weapon)
Armour
 f - a +0 ring mail (worn)
Jewellery
 e - a ring of poison resistance (left hand)
Potions
 a - a potion of curing {unknown}
 b - a potion of lignification {unknown}
 c - 2 potions of might {unknown}
 d - a potion of haste {unknown}

Dungeon Overview and Level Annotations

Branches:
Dungeon (2/15)

Altars:


Message History

The jelly hits you but does no damage.
You shoot an arrow. The arrow completely misses the jelly.
The arrow hits the endoplasm!
You kill the endoplasm!
An endoplasm comes into view.
The jelly closely misses you.
You shoot an arrow. The arrow hits the jelly.
The jelly is lightly wounded.
The jelly hits you but does no damage.
You shoot an arrow. The arrow barely misses the jelly.
The jelly hits you.
You are splashed with acid!
You shoot an arrow. The arrow hits the jelly!
The jelly is heavily wounded.
The jelly hits you but does no damage.
An endoplasm comes into view.
You shoot an arrow. The arrow hits the jelly!
You kill the jelly!
You feel your dexterity returning.
A jelly comes into view.
You shoot an arrow.
The arrow hits the jelly but does no damage.
The jelly hits you. The acid corrodes you!
You are splashed with acid!
You shoot an arrow. The arrow hits the jelly.
The jelly is moderately wounded.
The jelly hits you but does no damage.
You shoot an arrow. The arrow hits the jelly.
The jelly is moderately wounded.
The jelly misses you.
You shoot an arrow. The arrow hits the jelly.
The jelly is heavily wounded.
The jelly closely misses you.
You shoot an arrow. The arrow hits the jelly.
The jelly is severely wounded.
The jelly hits you. The acid corrodes you!
You are splashed with acid!
The jelly hits you. The acid corrodes you!
You are splashed with acid!
You shoot an arrow.
The arrow hits the jelly but does no damage.
The jelly is severely wounded.
The jelly hits you.
You are splashed with acid.
You die...

.............#####
#..%<...
..#..>.##########
#......)
......#########.##
#..##...
.#....###....#.#.# #.#
###.
......##.)...#.#.# #.
#. #.....'......#'#.#
# #.
#.....'...)....#.# #
###...)........#)# #
##..##.......#@# #
#..###......##JJJPP.P
# #..##########
#%..... # ####.######
######
###.....#...##########
....###.#.............
.....................
.######............#
..######...........#


You could see a jelly and 2 endoplasms.

Vanquished Creatures
  A jelly (D:2)
  4 adders (D:2)
  A worm (D:2)
  A dart slug (D:1)
  7 endoplasms
  6 goblins
  2 jackals (D:1)
  11 kobolds
  2 quokkas
  2 ball pythons (D:1)
  A frilled lizard (D:2)
  8 rats
46 creatures vanquished.

Notes
Turn   | Place    | Note
-------+----------+-------------------------------------------
     0 | D:1      | qw the Minotaur Hunter began the quest for the Orb.
     0 | D:1      | Reached XP level 1. HP: 18/18 MP: 0/0
     0 | D:1      | 0 ||| qw: Version: 0.2-a-117-gc6b5c8b
     0 | D:1      | 0 ||| qw: Game counter: 2657
     0 | D:1      | 0 ||| qw: Always use a shield: true
     0 | D:1      | 0 ||| qw: God list: Okawaru
     0 | D:1      | 0 ||| qw: Allow faded altars: false
     0 | D:1      | 0 ||| qw: Do Orc after D:15 true
     0 | D:1      | 0 ||| qw: Do second Lair branch before Depths: true
     0 | D:1      | 0 ||| qw: Lair rune preference: random
     0 | D:1      | 0 ||| qw: Plans: Normal
     0 | D:1      | 0 ||| PLANNING D:1-11
   126 | D:1      | 126 ||| FLEEEEING.
   127 | D:1      | 127 ||| FLEEEEING.
   142 | D:1      | Reached XP level 2. HP: 25/25 MP: 1/1
   146 | D:1      | Reached skill level 5 in Ranged Weapons
   555 | D:1      | Reached skill level 3 in Fighting
   624 | D:1      | 624 ||| UPGRADING to +0 ring mail.
   634 | D:1      | 634 ||| DROPPING +0 leather armour.
   635 | D:1      | 635 ||| UPGRADING to ring of poison resistance.
   636 | D:1      | 636 ||| READING scroll labelled TIMEOT YWIYLAI.
   637 | D:1      | 637 ||| READING scroll labelled EPONWU QUREULA.
   638 | D:1      | 638 ||| READING 3 scrolls labelled OZEMA MASOANG.
   639 | D:1      | 639 ||| READING 2 scrolls of enchant weapon.
   639 | D:1      | 639 ||| ENCHANTING +1 shortbow.
   640 | D:1      | 640 ||| READING scroll of enchant weapon.
   640 | D:1      | 640 ||| ENCHANTING +2 shortbow.
   641 | D:1      | 641 ||| DRINKING 2 viscous brown potions.
   642 | D:1      | 642 ||| DROPPING scroll of butterflies.
   643 | D:1      | 643 ||| DROPPING potion of degeneration.
   715 | D:2      | Reached skill level 1 in Armour
   715 | D:2      | Reached XP level 3. HP: 31/31 MP: 2/2
   746 | D:2      | Found a faded altar of an unknown god.
   806 | D:2      | Reached XP level 4. HP: 38/38 MP: 3/3
   898 | D:2      | Reached skill level 6 in Ranged Weapons
   920 | D:2      | HP: 6/40 [acid (8)]
   921 | D:2      | Splashed by a jelly's acid

Levels and vault maps discovered:
D:1:      scummos_arrival_checkerplants, layout_loops_cross, hex_tiny
D:2:      cheibrodos_fertilizer, layout_rooms,
          hellmonk_ecumenical_altar_lost_god

Skill      XL: |  1  2  3  4 |
---------------+-------------+-----
Ranged Weapons | 5 6 |  6.0
Fighting       | 3 |  3.9
Armour         | 1 |  1.0
Dodging        | |  2.1
Stealth        | |  0.7

Action                     |  1- 3 |  4- 6 || total
---------------------------+-------+-------++-------
   Fire: Shortbow          |    79 |    28 ||   107
    Use: Scroll            |     5 |       ||     5
         Potion            |     1 |       ||     1
 Armour: Leather armour    |     5 |       ||     5
         Ring mail         |     2 |     6 ||     8
  Dodge: Dodged            |     8 |     4 ||    12

Table legend:
 A = Non-vault XP
 B = Vault XP
 C = Vault XP percentage of total XP
 D = Non-vault monster count
 E = Vault monster count
 F = Vault count percentage of total count
                 A         B        C        D         E       F
            +---------+---------+-------+---------+---------+-------
      Total |     106 |      60 |  36.1 |      36 |      10 |  21.7
            +---------+---------+-------+---------+---------+-------
        D:1 |      33 |       0 |   0.0 |      20 |       0 |   0.0
        D:2 |      73 |      60 |  45.1 |      16 |      10 |  38.5
            +---------+---------+-------+---------+---------+-------
